Unix NetHack Version 5.0.0-0 post-release - last build May 10 2026 23:12:36 (d1fa5d53e341ca933230fdaa984d921c805b60aa,branch:main).

Game began 2026-05-15 16:07:07, ended 2026-05-15 16:33:21.

AuraMoom, lawful female human Monk

       -----.---+-
       |..@.......
       |q&.<.....|
       |.........|
       |..........
       -----------

AuraMoom the Novice             St:12 Dx:12 Co:12 In:11 Wi:16 Ch:9  Lawful
Dlvl:6  $:47 HP:0(42) Pw:27(27) AC:4  Xp:5 T:2118  Hallu

Latest messages:
 Are you waiting to get hit?  Use 'm' prefix to force a no-op (to rest).
 Are you waiting to get hit?  Use 'm' prefix to force a no-op (to rest).
 Are you waiting to get hit?  Use 'm' prefix to force a no-op (to rest).
 Are you waiting to get hit?  Use 'm' prefix to force a no-op (to rest).
 Are you waiting to get hit?  Use 'm' prefix to force a no-op (to rest).
 Are you waiting to get hit?  Use 'm' prefix to force a no-op (to rest).
 Are you waiting to get hit?  Use 'm' prefix to force a no-op (to rest).
 Are you waiting to get hit?  Use 'm' prefix to force a no-op (to rest).
 Are you waiting to get hit?  Use 'm' prefix to force a no-op (to rest).
 Are you waiting to get hit?  Use 'm' prefix to force a no-op (to rest).
 Are you waiting to get hit?  Use 'm' prefix to force a no-op (to rest).
 Are you waiting to get hit?  Use 'm' prefix to force a no-op (to rest).
 Are you waiting to get hit?  Use 'm' prefix to force a no-op (to rest).
 Are you waiting to get hit?  Use 'm' prefix to force a no-op (to rest).
 Are you waiting to get hit?  Use 'm' prefix to force a no-op (to rest).
 Are you waiting to get hit?  Use 'm' prefix to force a no-op (to rest).
 Are you waiting to get hit?  Use 'm' prefix to force a no-op (to rest).
 Are you waiting to get hit?  Use 'm' prefix to force a no-op (to rest).
 Are you waiting to get hit?  Use 'm' prefix to force a no-op (to rest).
 Are you waiting to get hit?  Use 'm' prefix to force a no-op (to rest).
 Are you waiting to get hit?  Use 'm' prefix to force a no-op (to rest).
 Are you waiting to get hit?  Use 'm' prefix to force a no-op (to rest).
 Are you waiting to get hit?  Use 'm' prefix to force a no-op (to rest).
 Are you waiting to get hit?  Use 'm' prefix to force a no-op (to rest).
 Ulch!  This makes you feel mediocre!
 Call a puce potion: idk
 Are you waiting to get hit?  Use 'm' prefix to force a no-op (to rest).
 Are you waiting to get hit?  Use 'm' prefix to force a no-op (to rest).
 You hear a soda fountain!
 The jaguar bites Barney the dinosaur.
 The yeti misses the looooooooooooong cat.
 The yellow mold misses the winter wolf.
 The simile mimic misses the troll.
 The iron piercer bites the vampire.
 The netsplit bites the floating nose.
 You hear someone beseeching Moloch.
 The Woodland-elf bites!
 The couatl misses!
 The gnome dummy bites!
 The yellow dragon misses!
 Are you waiting to get hit?  Use 'm' prefix to force a no-op (to rest).
 The vampire bat bites!
 The black light snaps wildly and misses!
 The couatl bites!
 You die...
 Do you want your possessions identified? [ynq] (y) y
 Do you want to see your attributes? [ynq] (y) y
 Do you want an account of creatures vanquished? [ynaq] (y) n
 Do you want to see your conduct and achievements? [ynq] (y) n
 Do you want to see the dungeon overview? [ynq] (y) n

Inventory:
 Coins    ('$')
  $ - 47 gold pieces
 Weapons  (')')
  G - 3 +0 daggers
 Armor    ('[')
  a - an uncursed +2 pair of leather gloves (being worn)
  z - a cursed -2 cloak of displacement
  b - an uncursed +1 robe (being worn)
  l - an uncursed +0 Hawaiian shirt with a hula dancer motif
 Comestibles  ('%')
  u - a cursed slime mold
  w - 2 uncursed cram rations
  e - 3 uncursed food rations
  h - an uncursed fortune cookie
  V - an uncursed partly eaten orange
  y - 2 uncursed tripe rations
  r - 2 uncursed homemade tins of goblin meat
  o - an uncursed tin of soup made from lichen
 Scrolls  ('?')
  c - an uncursed scroll of confuse monster
  O - a cursed scroll of create monster
  x - an uncursed scroll of identify
  g - an uncursed scroll of light
  E - a blessed scroll of teleportation
  q - an uncursed scroll of teleportation
 Spellbooks  ('+')
  i - a blessed spellbook of confuse monster
 Potions  ('!')
  d - 3 cursed potions of healing
  M - a cursed potion of monster detection
  s - an uncursed potion of speed
 Rings    ('=')
  Y - an uncursed ring of levitation
 Tools    ('(')
  j - a cursed magic marker (0:19)
  k - an uncursed tin whistle
  n - an uncursed tin whistle
 Gems/Stones  ('*')
  F - 2 uncursed worthless pieces of black glass
  p - a cursed worthless piece of black glass
  t - a cursed worthless piece of blue glass
  N - an uncursed worthless piece of green glass
  L - an uncursed worthless piece of violet glass
  K - 2 uncursed flint stones
  f - 10 uncursed rocks

AuraMoom the Monk's attributes:

Background:
 You were a Novice, a level 5 female human Monk.
 You were lawful, nominally on a mission for Shan Lai Ching
 who was opposed by Chih Sung-tzu (neutral) and Huan Ti (chaotic).
 You were right-handed.
 You were in the Gnomish Mines, on level 6.
 You entered the dungeon 2118 turns ago.
 You had 194 experience points, 126 more were needed to attain level 6.

Basics:
 You had 0 out of 42 hit points.
 You had all 27 energy points (spell power).
 Your armor class was 4.
 Your wallet contained 47 quatloos.
 Autopickup was on for '$"%?+!=/(*' plus thrown, with exceptions.

Final Characteristics:
 Your strength was 12 (peak:17, limit:18/100).
 Your dexterity was 12 (limit:18).
 Your constitution was 12 (limit:18).
 Your intelligence was 11 (limit:18).
 Your wisdom was 16 (limit:18).
 Your charisma was 9 (limit:18).

Final Status:
 You were hallucinating.
 You weren't hungry.
 You were unencumbered.
 You were empty handed.
 You had basic skill with martial arts.

Final Attributes:
 You were piously aligned.
 You were sleep resistant.
 You were poison resistant.
 You saw invisible.
 You were telepathic.
 You were invisible to others.
 You were stealthy.
 You were guarded.
 Your spell casting was enhanced by wearing a robe.
 You were fast.
 You are dead.

Miscellaneous:
 You encountered 2 bones levels.
 Total elapsed playing time was 26 minutes and 11 seconds.

Major events:
 Turn
    1: AuraMoom the lawful female human Monk entered the dungeon
 1178: entered the Gnomish Mines
 1189: attained the rank of Novice (level 3)
 2118: killed by a hallucinogen-distorted dog

Spells:
 Name                 Level Category     Fail Retention
 confuse monster        1   enchantment    0%  76%-100%

Skills:
 Fighting Skills
   martial arts       [Basic]
 Weapon Skills
   quarterstaff       [Unskilled]
   spear              [Unskilled]
   crossbow           [Unskilled]
   shuriken           [Unskilled]
 Spellcasting Skills
   attack spells      [Unskilled]
   healing spells     [Basic]
   divination spells  [Unskilled]
   enchantment spells [Unskilled]
   clerical spells    [Unskilled]
   escape spells      [Unskilled]
   matter spells      [Unskilled]

Voluntary challenges:
 Character rerolling was not enabled.
 You were an atheist.
 You never genocided any monsters.
 You never polymorphed an object.
 You never changed form.
 You used no wishes.
Achievements:
 You entered the Gnomish Mines.
 You attained the rank of Novice.

 The Dungeons of Doom: levels 1 to 4
    Level 1:
    Level 2:
       A fountain.
    Level 3:
       Stairs down to The Gnomish Mines.
    Level 4:
 The Gnomish Mines: levels 4 to 6
    Level 4:
    Level 5:
       A grave.
       Final resting place for
          s22467908m2-Val-Hum-Fem-Law, killed by an owlbear.
    Level 6: <- You were here.
       Final resting place for
          you, killed by a hallucinogen-distorted dog,
          yasdy-Tou-Hum-Fem-Neu, killed by a tiger.


Vanquished creatures:
  a pony
  a fog cloud
  2 gnome leaders
  2 giant ants
  a floating eye
  a dwarf
  3 rothes
 an acid blob
  a coyote
  a giant rat
  a yellow mold
 11 gnomes
  2 geckos
  7 jackals
  3 foxes
  3 kobolds
  a goblin
  2 sewer rats
  4 grid bugs
  6 lichens
  a kobold zombie
  4 newts
59 creatures vanquished.

No species were genocided or became extinct.

Game over:
                       ----------
                      /          \
                     /    REST    \
                    /      IN      \
                   /     PEACE      \
                  /                  \
                  |     AuraMoom     |
                  |      47 Au       |
                  |   killed by a    |
                  | hallucinogen-dis |
                  |    torted dog    |
                  |                  |
                  |       2026       |
                 *|     *  *  *      | *
        _________)/\\_//(\/(/\)/\//\/|_)_______

Goodbye AuraMoom the Monk...

You died in The Gnomish Mines on dungeon level 6 with 1089 points,
and 47 pieces of gold, after 2118 moves.
You were level 5 with a maximum of 42 hit points when you died.

